 Dungeon Crawl Stone Soup version 0.18-a0-1507-g69458e0 (webtiles) character file.

368 Sargon the Digger (level 6, 0/32 HPs)
             Began as a Gargoyle Earth Elementalist on Mar 6, 2016.
             Slain by an iguana (10 damage)
             ... on level 4 of the Dungeon.
             The game lasted 00:17:58 (2207 turns).

Sargon the Digger (Gargoyle Earth Elementalist)     Turns: 2207, Time: 00:17:59

Health: 0/32       AC:  7    Str: 12    XL:     6   Next: 69%
Magic:  2/10       EV: 16    Int: 17    God:
Gold:   68         SH:  0    Dex: 10    Spells: 2 memorised, 7 levels left

rFire  . . .     SeeInvis .     x - +3 war axe
rCold  . . .     Gourm    +     a - +0 robe
rNeg   + . .     Faith    .     (no shield)
rPois  ∞         Spirit   .     g - +0 helmet
rElec  +         Dismiss  .     (no cloak)
rCorr  .         Reflect  .     (no gloves)
SustAt .         Harm     .     (no boots)
MR     .....                    y - amulet of the gourmand
Stlth  ++........               (no ring)
                                r - +4 ring of evasion

@: not resistant to hostile enchantments, unstealthy
A: negative energy resistance 1, electricity resistance, unbreathing,
petrification resistance, rot immunity, AC +4
a: no special abilities


You were on level 4 of the Dungeon.
You were not hungry.

You visited 1 branch of the dungeon, and saw 4 of its levels.

You collected 68 gold pieces.

Inventory:

Hand Weapons
 v - a +0 blowgun
 x - a +3 war axe (weapon)
Missiles
 b - 29 stones (quivered)
 u - 7 poisoned needles
Armour
 a - a +0 robe (worn)
 g - a +0 helmet (worn)
Magical Staves
 p - an uncursed staff of power {unknown}
Jewellery
 l - an uncursed amulet of magic regeneration
 r - a +4 ring of evasion (left hand)
 y - an amulet of the gourmand (around neck)
Scrolls
 n - a scroll of fear {unknown}
 q - a scroll of enchant armour {unknown}
 s - a scroll of teleportation {unknown}
 t - a scroll of amnesia {unknown}
Potions
 e - 2 potions of curing {unknown}
 f - 3 potions of lignification {unknown}
 h - a potion of degeneration {unknown}
 i - a potion of brilliance {unknown}
 j - 2 potions of heal wounds {unknown}
 m - a potion of resistance {unknown}
 o - a potion of berserk rage {unknown}
Books
 c - a book of Geomancy

   Spells                             Type                      Level
   a - Sandblast                      Earth                        1
   b - Passwall                       Transmutation/Earth          2
   c - Stone Arrow                    Conjuration/Earth            3
   d - Petrify                        Transmutation/Earth          4
   e - Lee's Rapid Deconstruction     Earth                        5
Comestibles
 d - 3 bread rations
 k - 4 fruits
 w - 2 meat rations
 z - a slice of pizza
 A - 4 chunks of flesh


   Skills:
 - Level 1.7 Dodging
 - Level 2.2 Stealth
 - Level 3.0 Spellcasting
 + Level 5.1 Conjurations
   Level 0.7 Transmutations
 + Level 5.4 Earth Magic


You had 7 spell levels left.
You knew the following spells:

 Your Spells              Type           Power        Failure   Level  Hunger
a - Sandblast             Erth           ###...       1%          1    None
b - Stone Arrow           Conj/Erth      ###...       8%          3    ###....


Dungeon Overview and Level Annotations

Branches:
Dungeon (4/15)
 Temple: D:4-7

Altars:
Sif Muna

Annotations:
D:2 Jessica, Sigmund


Innate Abilities, Weirdness & Mutations

You are resistant to torment.
Your stone body is resilient (AC +4).
You are immune to poison.
You resist negative energy.
You are resistant to electric shocks.
You can survive without breathing.
You are immune to petrification.
You are immune to rotting.


Message History

The iguana misses you. The iguana barely misses you. The iguana misses you.
The iguana closely misses you.
You closely miss the iguana.
The iguana is heavily wounded.
You barely miss the iguana.
The iguana is lightly wounded.
The iguana bites you but does no damage.
The iguana misses you.
You closely miss the iguana.
The iguana is heavily wounded.
You closely miss the iguana.
The iguana is lightly wounded.
The iguana closely misses you. The iguana completely misses you.
The iguana misses you. The iguana barely misses you.
You closely miss the iguana.
The iguana is heavily wounded.
You hit the iguana.
The iguana is moderately wounded.
The iguana bites you!
You die...

#### ##.##### .#... #...#...
....# ###..a#.## .....#
.###........### #......
.......#....... .......
#........#
........##########.#......#
.........[.....l@l.)÷.....#
..#...#######.####.....$.....
.## ### #.# #..#.†.....# ##
#.# #..#........ # #.#
#..#.#....## # #.#
#........... . ######.#
##.......... # #......#
......#...? #.####.#


You could see 2 iguanas and a worker ant (wandering).

Vanquished Creatures
  A hungry ghost (D:3)
  An ogre (D:4)
  A howler monkey (D:4)
  5 adders
  An adder skeleton (D:4)
  2 worms
  A dart slug (D:4)
  3 giant geckos
  4 orcs
  2 ball pythons (D:1)
  6 bats
  2 giant cockroaches
  9 goblins
  5 hobgoblins
  5 kobolds
  2 quokkas
  2 giant newts (D:4)
  6 rats
58 creatures vanquished.

Notes
Turn   | Place    | Note
--------------------------------------------------------------
     0 | D:1      | Sargon the Gargoyle Earth Elementalist began the quest for the Orb.
     0 | D:1      | Reached XP level 1. HP: 10/10 MP: 3/3
   155 | D:1      | Reached XP level 2. HP: 13/15 MP: 0/5
   782 | D:2      | Reached XP level 3. HP: 19/19 MP: 4/6
   873 | D:2      | Noticed Jessica
   910 | D:2      | Noticed Sigmund
   934 | D:2      | Learned a level 3 spell: Stone Arrow
  1013 | D:2      | Reached skill level 1 in Conjurations
  1013 | D:2      | Reached XP level 4. HP: 20/24 MP: 3/8
  1495 | D:3      | Found a deep blue altar of Sif Muna.
  1734 | D:3      | Noticed a hungry ghost
  1742 | D:3      | Killed a hungry ghost
  1742 | D:3      | Reached XP level 5. HP: 28/28 MP: 0/9
  1928 | D:3      | Reached XP level 6. HP: 32/32 MP: 5/10
  2148 | D:4      | Reached skill level 5 in Conjurations
  2148 | D:4      | Reached skill level 5 in Earth Magic
  2207 | D:4      | Slain by an iguana

Vault maps used:
D:1:      co_arrival_square_in_a_square_in_a_square
D:2:      uniq_sigmund, uniq_jessica
D:3:      lemuel_doored_altar, kennysheep_generic_room_15
D:4:      minmay_temple_entry_junction, first_bread

Skill      XL: |  1  2  3  4  5  6 |
---------------+-------------------+-----
Earth Magic    | 4 5 |  5.4
Spellcasting   | 3 |  3.0
Conjurations   | 1 4 5 |  5.1
Dodging        | |  1.7
Stealth        | |  2.2
Transmutations | |  0.7

Action                   |  1- 3 |  4- 6 || total
-------------------------+-------+-------++-------
Melee: War axe           |       |    10 ||    10
 Cast: Sandblast         |    38 |    44 ||    82
       Stone Arrow       |       |    10 ||    10
  Use: Scroll            |     1 |     2 ||     3
  Eat: Chunk             |     1 |     4 ||     5
